 Dungeon Crawl Stone Soup version 0.27.1-33-g824d729ab1 (webtiles) character file.

Game seed: 13706033649289452776

44 Sharkman1231 the Twirler (level 3, 0/21 (27) HPs)
             Began as a Demonspawn Wanderer on Dec 26, 2021.
             Slain by a necrophage (2 damage)
             ... on level 3 of the Dungeon.
             The game lasted 00:01:32 (1885 turns).

Sharkman1231 the Twirler (Demonspawn Wanderer)      Turns: 1885, Time: 00:01:33

HP:   0/21 (27)     AC:  2    Str: 14    XL:     3   Next: 41%
MP:   3/3           EV: 12    Int: 13    God:
Gold: 74            SH:  0    Dex: 11    Spells: 2/2 levels left

rFire    . . .     SeeInvis .   a - +2 quarterstaff
rCold    . . .     Faith    .   (shield currently unavailable)
rNeg     . . .     Spirit   .   d - +0 robe
rPois    .         Reflect  .   (no helmet)
rElec    .         Harm     .   (no cloak)
rCorr    .         Rampage  .   (no gloves)
Will     .....                  (no boots)
Stlth    +.........             (no amulet)
HPRegen  0.07/turn              (no ring)
MPRegen  0.08/turn              (no ring)

@: heavily drained
A: spiny 1
a: no special abilities


You were on level 3 of the Dungeon.
You visited 1 branch of the dungeon, and saw 3 of its levels.

You collected 74 gold pieces.

Inventory:

Hand Weapons
 a - a +2 quarterstaff (weapon)
Armour
 d - a +0 robe (worn)
Scrolls
 c - 2 scrolls of teleportation
 f - a scroll of identify {unknown}
 g - a scroll of amnesia {unknown}
 i - a scroll of immolation {unknown}
Potions
 b - a potion of lignification
 e - a potion of mutation {unknown}
 h - a potion of berserk rage {unknown}
 j - a potion of heal wounds {unknown}
 k - a potion of ambrosia {unknown}


   Skills:
 + Level 1.7 Fighting
 * Level 4.2 Staves
 + Level 2.3 Dodging
 - Level 1.0 Stealth
 - Level 1.0 Shields
 - Level 1.0 Evocations


You had 2 spell levels left.
You didn't know any spells.
Your spell library was empty.

Dungeon Overview and Level Annotations

Branches:
Dungeon (3/15)

Altars:


Innate Abilities, Weirdness & Mutations

You are partially covered in sharp spines.


Message History

You sock the frilled lizard!
You kill the frilled lizard!
No target in view!
No target in view!
No target in view!
No target in view!
You see here a frilled lizard corpse.
k - a viscous orange potion A necrophage comes into view.
Found a scroll labelled HEOMIWKUZA.
Found a stone staircase leading up.
A necrophage is nearby!
You aren't carrying any items that you can evoke.
Okay, then.
You closely miss the necrophage.
The necrophage is struck by your spines.
The necrophage hits you!
You feel drained.
You hit the necrophage.
The necrophage is lightly damaged.
The necrophage hits you.
You hit the necrophage.
The necrophage is moderately damaged.
The necrophage hits you.
You feel drained.
You closely miss the necrophage.
The necrophage is moderately damaged.
The necrophage is struck by your spines.
The necrophage hits you.
You feel drained.
You hit the necrophage.
The necrophage is heavily damaged.
The necrophage hits you but does no damage.
You closely miss the necrophage.
The necrophage is heavily damaged.
The necrophage hits you.
* * * LOW HITPOINT WARNING * * *
You feel drained.
* * * LOW HITPOINT WARNING * * *
The necrophage is struck by your spines.
The necrophage hits you.
* * * LOW HITPOINT WARNING * * *
You feel drained.
You die...

### ######## #.####
#......#
####....#####......#
#.##.##...#........#
#..#.####...#......#
#....# #.....<....#
#.#.####..##.......#
#######.....n@.####.#..###
##..........##### #.##..##
#..####....## ##..###†.#
#.## ##....# #...## ##..#
....# ##..#..#####..##
#...# .######.............
..... .........##..####.#
#### #######.###...†.<.#
#..###....#### ###


You could see a necrophage.

Vanquished Creatures
  A dart slug (D:2)
  An orc (D:2)
  6 bats
  5 endoplasms
  5 giant cockroaches (D:2)
  3 goblins (D:2)
  A hobgoblin (D:1)
  2 quokkas
  5 ball pythons (D:1)
  3 frilled lizards
  3 kobolds
35 creatures vanquished.

Notes
Turn   | Place    | Note
-------+----------+-------------------------------------------
     0 | D:1      | Sharkman1231 the Demonspawn Wanderer began the quest for
                  | the Orb.
     0 | D:1      | Sharkman1231 set off with the following items: a +2
                  | quarterstaff, a potion of lignification, a scroll of
                  | teleportation, a +0 robe
     0 | D:1      | Reached XP level 1. HP: 15/15 MP: 1/1
   516 | D:1      | Gained mutation: You are partially covered in sharp spines.
                  | [demonic ancestry]
   516 | D:1      | Reached XP level 2. HP: 21/21 MP: 2/2
   620 | D:1      | Reached skill level 4 in Staves
   794 | D:1      | Found a faded altar of an unknown god.
  1249 | D:2      | Reached XP level 3. HP: 26/26 MP: 3/3
  1860 | D:3      | Noticed a necrophage
  1885 | D:3      | Slain by a necrophage

Illustrated notes

Levels and vault maps discovered:
D:1:      minmay_arrival_pointy, layout_basic,
          hellmonk_ecumenical_altar_heavens_door, minivault_11,
          grunt_decor_clamped
D:2:      layout_loops_cross, minmay_worlds_worst_comb
D:3:      layout_rooms, kennysheep_boxes

Skill      XL: |  1  2 |
---------------+-------+-----
Dodging        | 2 |  2.3
Staves         | 4 |  4.2
Fighting       | |  1.7
Stealth        | |  1.0
Shields        | |  1.0
Evocations     | |  1.0

Action                   || total
-------------------------++-------
Melee: Quarterstaff      ||    62
 Stab: Sleeping          ||     6
Armor: Robe              ||    15
Dodge: Dodged            ||    23
